 Dungeon Crawl Stone Soup version 0.31-a0-1009-g454b1f1e0a (webtiles) character file.

Game seed: 2023232586798465129

184 CrazyBamboolord the Shooter (level 5, -1/61 HPs)
             Began as a Barachi Hunter on Nov 15, 2023.
             Killed from afar by an orc wizard (8 damage)
             ... with a magic dart
             ... on level 3 of the Dungeon.
             The game lasted 00:02:56 (1400 turns).

CrazyBamboolord the Shooter (Barachi Hunter)        Turns: 1400, Time: 00:02:56

Health: -1/61      AC:  3    Str: 12    XL:     5   Next: 64%
Magic:  5/5        EV: 13    Int: 10    God:
Gold:   83         SH:  0    Dex: 17    Spells: 4/4 levels left

rFire   . . .        a - +0 shortbow
rCold   . . .        (shield currently unavailable)
rNeg    . . .        c - +0 leather armour
rPois   .            (no helmet)
rElec   .            (no cloak)
rCorr   .            (no gloves)
SInv    .            (no boots)
Will    .....        (no amulet) Stlth
                     (no ring)
HPRegen 0.30/turn    (no ring)
MPRegen 0.09/turn

%: no passive effects
@: berserking, quick
A: amphibious, slowness 1, strong legs 1, +LOS
a: Hop


You were on level 3 of the Dungeon.
You visited 1 branch of the dungeon, and saw 3 of its levels.

You collected 122 gold pieces.
You spent 39 gold pieces at shops.

Inventory:

Hand Weapons
 a - a +0 shortbow (weapon)
Armour
 c - a +0 leather armour (worn)
Scrolls
 b - a scroll of butterflies
 d - 2 scrolls of teleportation
 f - 6 scrolls of identify
 g - a scroll of blinking {unknown}
 j - 2 scrolls of revelation
 k - a scroll of fear {unknown}
 m - a scroll of poison {unknown}
Potions
 h - a potion of degeneration {unknown}
 i - a potion of enlightenment {unknown}
 l - a potion of attraction {unknown}


   Skills:
 + Level 3.5 Fighting
 * Level 5.1 Ranged Weapons
 * Level 4.0 Dodging
 + Level 2.0 Stealth


You had 4 spell levels left.
You didn't know any spells.
Your spell library contained the following spells:

 Spells                   Type           Power      Damage    Failure   Level
 Slow                     Hex            0%         N/A       43%         1
 Confusing Touch          Hex            0%         N/A       82%         3
 Sigil of Binding         Hex            0%         N/A       82%         3
 Vampiric Draining        Necr           0%         2d6       82%         3


Dungeon Overview and Level Annotations

Branches:
Dungeon (3/15)

Altars:

Shops:
D:1 ?


Innate Abilities, Weirdness & Mutations

You are amphibious.
You cover ground slowly.
You can hop short distances.
You have an extended range of vision and can be seen from far away.


Message History

You are ready to hop once more.
Something hits you.
* * * LOW HITPOINT WARNING * * *
Your Dodging skill increases to level 4!
Fire: a) +0 shortbow
Press: ? - help, Q - select action, (/) - cycle Shift-Dir - straight line, f - you
Okay, then.
You start resting.
Something hits you.
* * * LOW HITPOINT WARNING * * *
You start resting.
Something hits you but does no damage.
Fire: a) +0 shortbow
Press: ? - help, Q - select action, (/) - cycle Shift-Dir - straight line, f - you
Okay, then.
You shoot an arrow. Something hits you.
* * * LOW HITPOINT WARNING * * *
You shoot an arrow. Something hits you.
* * * LOW HITPOINT WARNING * * *
Unknown command.
It was a potion of berserk rage.
A red film seems to cover your vision as you go berserk!
You feel yourself moving faster!
You feel mighty! Something hits you.
* * * LOW HITPOINT WARNING * * *
You closely miss something. Something completely misses you.
You closely miss something. Something hits you but does no damage.
You miss something. Something hits you.
* * * LOW HITPOINT WARNING * * *
You clumsily bash something.
Something hits you but does no damage.
You clumsily bash something.
You hear some strange, mumbled words.
Something tries to affect you, but you resist.
You clumsily bash something but do no damage.
Something hits you.
* * * LOW HITPOINT WARNING * * *
You barely miss something. Something hits you.
* * * LOW HITPOINT WARNING * * *
You miss something.
You hear some strange, mumbled words.
A magic dart appears from out of thin air!
The magic dart hits you!
You die...

**,*,,,**#.......# #...)#..####,*
,,,,,*,* #.......# #..........#,*
**,,,,,* #)......# #....#..#..#,*
,,,,,*** #.......###.(.....#....,
***,,***##......?##.............*
* *,,,,,.........##.##)##.##..##*
*,,,,,,*#...†...§§)....##**#..,
********#......)..§..###,*,*,.,
#...#.@)#..........*,,,
##,*##{#####§###.#.**** ##,**
##.####.# ***,,,,,
######.#######.....#****,****
#######.#####.#........,,*,,,
########.###.##....####*,*,,,
#########.#.###.>.....****,,,
########>.....#.......# ***,
########.#.##.#.......# **,


There were no monsters in sight!

Vanquished Creatures
  An orc priest (D:3)
  Jessica (D:2)
  Natasha (D:2)
  4 gnolls (D:2)
  An adder (D:3)
  2 worms
  2 dart slugs
  4 orcs (D:3)
  8 bats
  4 endoplasms
  3 goblins
  A hobgoblin (D:2)
  2 kobolds (D:1)
  6 quokkas
  2 frilled lizards (D:1)
  3 rats
45 creatures vanquished.

Notes
Turn   | Place    | Note
-------+----------+-------------------------------------------
     0 | D:1      | CrazyBamboolord the Barachi Hunter began the quest for the
                  | Orb.
     0 | D:1      | Reached XP level 1. HP: 17/17 MP: 1/1
    92 | D:1      | Reached skill level 1 in Stealth
   183 | D:1      | Found Usadyuto's Magic Scroll Boutique.
   183 | D:1      | You fall into a shaft and drop 1 floor!
   192 | D:2      | Reached XP level 2. HP: 19/23 MP: 2/2
   492 | D:1      | Bought a scroll of teleportation for 39 gold pieces
   695 | D:1      | Reached XP level 3. HP: 28/28 MP: 3/3
   904 | D:2      | Noticed Jessica
   907 | D:2      | Killed Jessica
   908 | D:2      | Reached XP level 4. HP: 35/35 MP: 4/4
  1250 | D:2      | Noticed Natasha
  1258 | D:2      | Killed Natasha
  1259 | D:2      | Reached XP level 5. HP: 40/41 MP: 5/5
  1346 | D:3      | Found a faded altar of an unknown god.
  1362 | D:3      | Reached skill level 5 in Ranged Weapons
  1400 | D:3      | Killed from afar by an orc wizard

Illustrated notes

Levels and vault maps discovered:
D:1:      minmay_arrival_wavy_path, layout_loops_ring, serial_shops,
          nicolae_shop_gibbet_a_chance
D:2:      layout_basic, minmay_misc_feat_cross, uniq_natasha, uniq_jessica
D:3:      layout_loops_cross, kennysheep_vampire_church, portal_sewer_entry_f,
          ebering_ecumenical_altar_mist, grunt_decor_fettered, uniq_sigmund

Skill      XL: |  1  2  3  4  5 |
---------------+----------------+-----
Stealth        | 1 2 |  2.0
Fighting       | 3 |  3.5
Dodging        | 3 4 |  4.0
Ranged Weapons | 5 |  5.1

Action                     |  1- 3 |  4- 6 || total
---------------------------+-------+-------++-------
  Melee: Shortbow          |       |     8 ||     8
   Fire: Shortbow          |    73 |    75 ||   148
Ability: Hop               |       |     1 ||     1
    Use: Scroll            |       |     2 ||     2
         Potion            |       |     1 ||     1
 Armour: Leather armour    |    22 |    36 ||    58
  Dodge: Dodged            |    22 |    31 ||    53

Table legend: (Time is in decaauts)
 A = Elapsed time spent in this place.
 B = Non-inter-level travel time spent in this place.
 C = Inter-level travel time spent in this place.
 D = Time resting spent in this place.
 E = Time spent auto-exploring this place.
 F = Levels seen in this place.
 G = Mean time per level.
                   A        B        C        D        E       F      G
               +--------+--------+--------+--------+--------+-----+--------+
         Total |   1655 |   1526 |    129 |      0 |   1208 |   3 |  551.7 |
       Dungeon |   1655 |   1526 |    129 |      0 |   1208 |   3 |  551.7 |
               +--------+--------+--------+--------+--------+-----+--------+

Top non-repeatable levels by time:
     D:1: 812 daAuts
     D:2: 747 daAuts
     D:3: 96 daAuts
